 Dungeon Crawl Stone Soup version 0.30-a0-1066-g63dfefce0d (webtiles) character file.

Game seed: 4162837488853790928

34 MachoJfn the Insei (level 3, 27/27 HPs)
             Began as a Djinni Transmuter on Apr 11, 2023.
             Quit the game on level 1 of the Dungeon on Apr 12, 2023.
             The game lasted 00:04:59 (1090 turns).

MachoJfn the Insei (Djinni Transmuter)              Turns: 1090, Time: 00:05:00

Health: 27/27      AC:  2    Str: 11    XL:     3   Next: 50%
Gold:   75         EV: 12    Int: 14    God:
                   SH:  0    Dex: 11

rFire   + + .      SeeInvis .      - Unarmed
rCold   x . .      Faith    .    (no shield)
rNeg    . . .      Spirit   .    a - +0 robe
rPois   ∞          Reflect  .    (helmet restricted)
rElec   .          Rampage  .    (no cloak)
rCorr   .                        (no gloves)
Will    .....                    (boots unavailable)
Stlth   +                        (no amulet)
HPRegen 0.24/turn                (no ring)
MPRegen 0.00/turn                (no ring)

@: flying
A: sickness immunity, fire resistance 2, cold vulnerability 1, float, innate
caster, HP casting, extra vitality 1, horns 1, clumsy 1, evolution 1, inability
to read after injury 1
a: no special abilities


You were on level 1 of the Dungeon.
You visited 1 branch of the dungeon, and saw 2 of its levels.

You collected 75 gold pieces.

Inventory:

Missiles
 j - 5 atropa-tipped darts
Armour
 a - a +0 robe (worn)
 g - a +0 cloak
Jewellery
 d - a ring of ice
Scrolls
 c - a scroll of identify
 e - a scroll of blinking
Potions
 b - 2 potions of lignification
 f - a potion of magic {unknown}
 h - a potion of cancellation
 i - a potion of curing


   Skills:
 + Level 1.2 Fighting
 + Level 2.4 Dodging
 + Level 3.7 Unarmed Combat
 + Level 2.0 Spellcasting


You knew the following spells:

 Your Spells              Type           Power      Damage    Failure   Level
a - Beastly Appendage     Tmut           14%        N/A       10%         1
b - Wereblood             Tmut           7%         N/A       16%         2
c - Spider Form           Tmut/Pois      7%         N/A       30%         3
d - Ice Form              Ice/Tmut       7%         N/A       69%         4
e - Magic Dart            Conj           28%        1d4       10%         1
Your spell library was empty.

Dungeon Overview and Level Annotations

Branches:
Dungeon (2/15)

Altars:


Innate Abilities, Weirdness & Mutations

You are immune to sickness and miasma.
You are immune to poison.
Your flesh is very heat resistant. (rF++)
You are vulnerable to cold. (rC-)
You float through the air rather than walking.
You learn spells naturally, not from books.
Your magical power is your life essence.
You have superior vitality. (+4 MHP)
You have a pair of small horns on your head.
You are clumsy. (Dex -2)
You have hidden genetic potential.
You occasionally lose the ability to read scrolls when taking damage.


Message History

The giant cockroach bites you but does no damage.
You continue taking off your +0 cloak.
The giant cockroach bites you but does no damage.
You finish taking off your +0 cloak.
Casting: Beastly Appendage (safe; 10% risk of failure)
Confirm with . or Enter, or press ? or * to list all spells.
You have no appropriate body parts free.
Casting: Beastly Appendage (safe; 10% risk of failure)
Confirm with . or Enter, or press ? or * to list all spells.
You have no appropriate body parts free.
Casting: Beastly Appendage (safe; 10% risk of failure)
Confirm with . or Enter, or press ? or * to list all spells.
Your blood is infused with primal strength.
The giant cockroach bites you. x2
You barely miss the giant cockroach. The giant cockroach barely misses you.
You hit the giant cockroach.
Your headbutt misses the giant cockroach.
The giant cockroach is almost dead.
The giant cockroach barely misses you.
You hit the giant cockroach.
You feel a bit better.
You kill the giant cockroach!
You start resting.
You howl as the wereblood boils in your veins!
You start resting.
You howl as the wereblood boils in your veins!
Your primal bloodlust is almost over.
Your primal bloodlust has ended.
Found 14 gold pieces.
There is a stone staircase leading up here.
You fly upwards.
There is a stone staircase leading down here.
You start waiting.
Done waiting.
Casting: Wereblood (safe; 16% risk of failure)
Confirm with . or Enter, or press ? or * to list all spells.
You have no appropriate body parts free.
Casting: Beastly Appendage (safe; 10% risk of failure)
Confirm with . or Enter, or press ? or * to list all spells.
You have no appropriate body parts free.
Are you sure you want to abandon this character and quit the game? (Confirm with "yes".)

#.### #..# #.#.# #.# #..# #.#.#
..# #..## ######.#.# #.#
#...####........# #.#
#.............#.# #.#
###÷##.÷.###..#.# #)#
###.##..##.#....#
#.###############...#..##.##..###
#(..............@...#..÷)##..##
#.###########.###...##...#...#
...##########.# ##..###......#
..............# ##..###..##.#
...############ #...######.# ####
##....)....# #####..##..### #####
#.........## #...# #.#########


There were no monsters in sight!

Vanquished Creatures
  A dart slug (D:1)
  3 ball pythons (D:1)
  3 bats (D:1)
  3 endoplasms (D:1)
  3 giant cockroaches
  5 goblins (D:1)
  2 hobgoblins (D:1)
  3 kobolds (D:1)
  A quokka (D:1)
  A frilled lizard (D:1)
  4 rats (D:1)
29 creatures vanquished.

Notes
Turn   | Place    | Note
-------+----------+-------------------------------------------
     0 | D:1      | MachoJfn the Djinni Transmuter began the quest for the Orb.
     0 | D:1      | MachoJfn set off with the following spells memorised:
                  | Beastly Appendage, Wereblood, Spider Form, Ice Form.
     0 | D:1      | Reached XP level 1. HP: 17/17 MP: 0/0
   100 | D:1      | Reached XP level 2. HP: 10/22 MP: 0/0
   366 | D:1      | Reached XP level 3. HP: 26/27 MP: 0/0
   366 | D:1      | Learned a level 1 spell: Magic Dart
   838 | D:1      | Gained mutation: You occasionally lose the ability to read
                  | scrolls when taking damage. [potion of mutation]
   838 | D:1      | Gained mutation: You are clumsy. (Dex -2) [potion of
                  | mutation]
   838 | D:1      | Gained mutation: You have a pair of small horns on your
                  | head. [potion of mutation]
   838 | D:1      | Gained mutation: You have hidden genetic potential. [potion
                  | of mutation]
   839 | D:1      | Upgraded the game from 0.30-a0-1053-gbd8d5ba0ad to
                  | 0.30-a0-1066-g63dfefce0d
  1090 | D:1      | Quit the game

Illustrated notes

Levels and vault maps discovered:
D:1:      mrwooster_arrival_arrow, layout_loops_ring, minmay_cupped
D:2:      layout_basic, uniq_terence

Skill      XL: |  1  2  3 |
---------------+----------+-----
Spellcasting   | 2 |  2.0
Fighting       | |  1.2
Dodging        | |  2.4
Unarmed Combat | |  3.7

Action                     || total
---------------------------++-------
  Melee: Unarmed           ||    90
         Headbutt          ||    10
         Punch             ||     1
   Cast: Beastly Appendage ||    18
         Wereblood         ||     1
    Use: Scroll            ||     4
         Potion            ||     2
   Stab: Sleeping          ||     1
 Armour: Robe              ||    20
  Dodge: Dodged            ||    70

Table legend: (Time is in decaauts)
 A = Elapsed time spent in this place.
 B = Non-inter-level travel time spent in this place.
 C = Inter-level travel time spent in this place.
 D = Time resting spent in this place.
 E = Time spent auto-exploring this place.
 F = Levels seen in this place.
 G = Mean time per level.
                   A        B        C        D        E       F      G
               +--------+--------+--------+--------+--------+-----+--------+
         Total |   1083 |    983 |    100 |    110 |    594 |   2 |  541.5 |
       Dungeon |   1083 |    983 |    100 |    110 |    594 |   2 |  541.5 |
               +--------+--------+--------+--------+--------+-----+--------+

Top non-repeatable levels by time:
     D:1: 965 daAuts
     D:2: 118 daAuts
